 Dungeon Crawl Stone Soup version 0.29.0-13-gc9e81de378 (webtiles) character file.

Game seed: 17886183606701234563

128 sanka the Agent of Entropy (level 4, -6/35 HPs)
             Began as a Demonspawn Abyssal Knight on Sept 10, 2022.
             Was a Priest of Lugonu.
             Mangled by an iguana (10 damage)
             ... on level 4 of the Dungeon.
             The game lasted 00:02:41 (2453 turns).

sanka the Agent of Entropy (DsAK)                   Turns: 2453, Time: 00:02:42

Health: -6/35      AC:  3    Str: 15    XL:     4   Next: 86%
Magic:  7/7        EV: 11    Int: 13    God:    Lugonu [***...]
Gold:   104        SH:  0    Dex: 14    Spells: 3/3 levels left

rFire   . . .      SeeInvis .   a - +1 spear
rCold   . . .      Faith    .   (no shield)
rNeg    . . .      Spirit   .   b - +0 leather armour
rPois   +          Reflect  .   (helmet restricted)
rElec   .          Harm     .   (no cloak)
rCorr   .          Rampage  .   (no gloves)
Will    .....                   (no boots)
Stlth   +.........              (no amulet)
HPRegen 0.11/turn               (no ring)
MPRegen 0.10/turn               h - ring of poison resistance

@: no status effects
A: horns 1, big brain 1
a: Renounce Religion, Depart the Abyss, Bend Space, Banish


You were on level 4 of the Dungeon.
You worshipped Lugonu.
Lugonu was most pleased with you.
You visited 1 branch of the dungeon, and saw 4 of its levels.
You visited the Abyss 1 time.

You collected 104 gold pieces.


Innate Abilities, Weirdness & Mutations

You have a pair of small horns on your head.
You have an unusually large brain. (Int +2)


   Skills:
 - Level 3.0 Fighting
 * Level 3.9 Polearms
 - Level 1.7 Armour
 - Level 0.8 Dodging
 + Level 4.2 Invocations


You had 3 spell levels left.
You didn't know any spells.
Your spell library was empty.

Inventory:

Hand Weapons
 a - a +1 spear (weapon)
Armour
 b - a +0 leather armour (worn)
 o - a +0 hat
Magical Staves
 c - a staff of poison
Jewellery
 h - a ring of poison resistance (right hand)
Scrolls
 d - 4 scrolls of teleportation {unknown}
 e - 3 scrolls of identify {unknown}
 g - 2 scrolls of vulnerability {unknown}
 i - a scroll of amnesia {unknown}
 j - a scroll of fear {unknown}
 k - a scroll of enchant weapon {unknown}
 q - a scroll of poison {unknown}
Potions
 f - 3 potions of haste {unknown}
 l - 4 potions of curing {unknown}
 m - a potion of flight {unknown}
 n - a potion of attraction {unknown}
 p - a potion of brilliance {unknown}

Dungeon Overview and Level Annotations

Branches:
Dungeon (4/15)
 Temple: D:4-7

Altars:

Shops:
D:2

[ ▒▒▒▒▒▒▒▒▒▒▒▒▒▒
!........£...
...........
▒▒▒▒▒▒▒▒▒.....▒
▒..▒...▒▒.....▒▒▒
▒...............▒
▒...)).[........+
▒▒▒▒▒..6▒▒▒▒..▒▒..▒▒
▒▒..▒▒.†l▒▒▒▒..▒ ..▒
▒..............▒ ...
▒..............+
....
▒▒▒▒▒▒▒▒▒...▒▒..▒▒▒
.▒▒▒
▒▒..▒▒▒▒▒▒)..▒▒▒+▒
.▒
▒.........>.....>.
▒.....<...........
▒.....▒▒.....▒▒...


You could see an iguana.


Message History

No target in view!
No target in view!
You start resting.
An iguana comes into view.
The iguana hisses angrily.
You reach to attack!
You hit the iguana.
The iguana is lightly wounded.
You barely miss the iguana.
The iguana is lightly wounded.
The iguana misses you.
You hit the iguana. Your headbutt misses the iguana.
The iguana is lightly wounded.
The iguana bites you.
* * * LOW HITPOINT WARNING * * *
You hit the iguana but do no damage.
You headbutt the iguana, but do no damage.
The iguana is lightly wounded.
The iguana closely misses you.
You hit the iguana but do no damage. Your headbutt misses the iguana.
The iguana is lightly wounded.
The iguana bites you!
* * * LOW HITPOINT WARNING * * *
Use which ability? (? or * to list)
Aim: an iguana (lightly wounded, chance to affect: 87%)
You fail to use your ability.
The iguana bites you!
You die...

Action                   |  1- 3 |  4- 6 || total
-------------------------+-------+-------++-------
Melee: Spear             |   136 |    69 ||   205
       Headbutt          |    17 |     8 ||    25
       Punch             |     2 |       ||     2
 Stab: Sleeping          |     1 |     1 ||     2
Armor: Leather armour    |    26 |     7 ||    33
Dodge: Dodged            |    58 |    26 ||    84

Levels and vault maps discovered:
D:1:      dpeg_arrival_shelter, layout_rooms, basic_ecumenical_altar,
          grunt_decor_resistance
D:2:      layout_rooms, serial_shops, shop
D:3:      layout_loops_ring, minmay_misc_feat_nine_boxes, minmay_misc_feat_doors
D:4:      layout_gridville, mainiacjoe_overflow_tiny_flanked

Notes
Turn   | Place    | Note
-------+----------+-------------------------------------------
     0 | Abyss:1  | sanka the Demonspawn Abyssal Knight began the quest for the
                  | Orb.
     0 | Abyss:1  | Reached XP level 1. HP: 18/18 MP: 2/2
     1 | D:1      | Escaped the Abyss
    36 | D:1      | Reached skill level 2 in Polearms
   192 | D:1      | Gained mutation: You have a pair of small horns on your
                  | head. [demonic ancestry]
   192 | D:1      | Reached XP level 2. HP: 24/24 MP: 4/4
   274 | D:1      | Reached skill level 3 in Invocations
   425 | D:1      | Found a faded altar of an unknown god.
   549 | D:1      | Gained mutation: You have an unusually large brain. (Int
                  | +2) [demonic ancestry]
   549 | D:1      | Reached XP level 3. HP: 29/29 MP: 5/5
   650 | D:1      | Reached *** piety under Lugonu
   773 | D:2      | Reached skill level 3 in Polearms
  1093 | D:2      | Found Qeassefa's Armour Emporium.
  1390 | D:3      | Reached XP level 4. HP: 35/35 MP: 6/6
  2269 | D:4      | Reached skill level 4 in Invocations
  2453 | D:4      | Mangled by an iguana

Vanquished Creatures
  A hound (D:4)
  An adder (D:3)
  2 worms (D:2)
  A dart slug (D:2)
  5 orcs
  7 endoplasms
  2 giant cockroaches
  5 goblins
  6 hobgoblins
  6 jackals
  7 quokkas
  5 ball pythons
  10 bats
  3 frilled lizards (D:1)
  4 kobolds
  3 rats
68 creatures vanquished.
